 Dungeon Crawl Stone Soup version 0.31-a0-986-g5e6e4ef867 (webtiles) character file.

Game seed: 12330676588307149267

78512 greenreed the Earth Mage (level 15, -7/72 HPs)
             Began as a Gargoyle Earth Elementalist on Nov 8, 2023.
             Was a High Priest of Vehumet.
             Mangled by a spriggan
             ... wielding a +0 rapier
              (11 damage)
             ... on level 5 of the Lair of Beasts.
             The game lasted 01:29:35 (23902 turns).

greenreed the Earth Mage (GrEE)                    Turns: 23902, Time: 01:29:35

Health: -7/72      AC: 18    Str: 13    XL:     15   Next: 60%
Magic:  4/33       EV: 15    Int: 30    God:    Vehumet [*****.]
Gold:   1412       SH:  0    Dex: 10    Spells: 5/43 levels left

rFire   + + .        K - +1 mace of World Downfall {flame, Int+8}
rCold   + . .        (no shield)
rNeg    + . .        V - +1 robe {rC+ rF+}
rPois   ∞            q - +2 helmet
rElec   +            Z - +0 cloak
rCorr   .            (no gloves)
SInv    .            (no boots)
Will    ++...        B - amulet of regeneration
Stlth   ++           n - ring of willpower
HPRegen 1.12/turn    E - ring of protection from fire
MPRegen 0.23/turn

%: no passive effects
@: flying
A: sickness immunity, AC +11, big wings, negative energy resistance 1,
electricity resistance, torment resistance 1, petrification resistance
a: Renounce Religion


You were on level 5 of the Lair of Beasts.
You worshipped Vehumet.
Vehumet was extremely pleased with you.
You visited 3 branches of the dungeon, and saw 19 of its levels.
You also visited: Sewer, Ossuary and Bailey.

You collected 1412 gold pieces.

Inventory:

Hand Weapons
 H - the +5 whip of the Spheres {venom, Will- rCorr Dex-4 SInv}
   (You found it on level 7 of the Dungeon)

   Dex-4:     It affects your dexterity (-4).
   Will-:     It decreases your willpower.
   SInv:      It lets you see invisible.
   rCorr:     It protects you from acid and corrosion.
 K - the +1 mace of World Downfall (weapon) {flame, Int+8}
   (You took it off a vampire on level 7 of the Dungeon)

   Int+8:     It affects your intelligence (+8).
Armour
 q - a +2 helmet (worn)
 V - a +1 robe of resistance (worn)
 Z - a +0 cloak (worn)
Jewellery
 n - a ring of willpower (left hand)
 B - an amulet of regeneration (around neck)
 E - a ring of protection from fire (right hand)
 G - a ring of protection from cold
 J - the ring "Quduis" {rCorr Str+3}
   (You found it on level 7 of the Dungeon)

   [ring of resist corrosion]

   Str+3:     It affects your strength (+3).
   rCorr:     It protects you from acid and corrosion.
 L - a ring of fire
 O - a ring of protection from fire
Wands
 x - a wand of mindburst (22)
 N - a wand of roots (25)
 P - a wand of digging (7)
 R - a wand of polymorph (4)
 S - a wand of paralysis (18)
 T - a wand of flame (12)
Scrolls
 a - a scroll of brand weapon {unknown}
 d - 5 scrolls of butterflies
 g - 4 scrolls of fear
 h - 6 scrolls of enchant weapon
 i - 4 scrolls of fog
 o - 3 scrolls of immolation
 p - 2 scrolls of poison
 r - a scroll of revelation
 s - 2 scrolls of blinking
 v - 6 scrolls of noise
 y - 6 scrolls of teleportation
 A - a scroll of vulnerability {unknown}
 D - a scroll of amnesia
 I - a scroll of torment {unknown}
 U - a scroll of silence {unknown}
 Y - 4 scrolls of enchant armour {unknown}
Potions
 b - 3 potions of magic
 c - a potion of haste {unknown}
 e - 8 potions of degeneration {unknown}
 f - 4 potions of invisibility {unknown}
 j - 3 potions of berserk rage
 k - 2 potions of lignification {unknown}
 l - 4 potions of heal wounds
 m - a potion of ambrosia {unknown}
 t - 2 potions of brilliance {unknown}
 u - 7 potions of might {unknown}
 w - 2 potions of mutation {unknown}
 z - 11 potions of curing
 C - 3 potions of attraction {unknown}
 F - 6 potions of enlightenment
 M - 2 potions of resistance {unknown}
 Q - a potion of cancellation
Miscellaneous
 W - a sack of spiders
 X - a condenser vane


   Skills:
 + Level 9.5 Dodging
 - Level 2.1 Stealth
 * Level 14.5 Spellcasting
 * Level 14.2 Conjurations
 - Level 5.1 Hexes
 - Level 2.1 Transmutations
 + Level 15.4 Earth Magic
 - Level 5.0 Poison Magic


You had 5 spell levels left.
You knew the following spells:

 Your Spells              Type           Power      Damage    Failure   Level
a - Sandblast             Erth           100%       2d20      0%          1
b - Summon Guardian Gole  Hex/Summ       37%        N/A       2%          3
c - Passwall              Tmut/Erth      54%        N/A       1%          2
d - Stone Arrow           Conj/Erth      100%       3d13      0%          3
e - Shock                 Conj/Air       100%       1d9       1%          1
f - Brom's Barrelling Bo  Conj/Erth      84%        2d10      1%          4
g - Lee's Rapid Deconstr  Erth           42%        3d21*     1%          5
h - Petrify               Tmut/Erth      65%        N/A       1%          4
i - Olgreb's Toxic Radia  Pois           51%        N/A       1%          4
j - Bombard               Conj/Erth      42%        9d7       1%          6
k - Yara's Violent Unrav  Hex/Tmut       21%        3d10      4%          5

Your spell library contained the following spells:

 Spells                   Type           Power      Damage    Failure   Level
 Spellforged Servitor     Conj/Summ      29%        N/A       24%         7
 Foxfire                  Conj/Fire      100%       2x1d9     1%          1
 Sting                    Tmut/Pois      100%       1d8       1%          1
 Poisonous Vapours        Pois/Air       72%        N/A       1%          2
 Scorch                   Fire           42%        2d6       1%          2
 Wereblood                Tmut           34%        N/A       1%          2
 Dazzling Flash           Conj/Hex       100%       N/A       1%          3
 Tukima's Dance           Hex            51%        N/A       1%          3
 Animate Armour           Summ/Erth      100%       N/A       1%          4
 Flame Wave               Conj/Fire      59%        2d14      1%          4
 Iskenderun's Mystic Bla  Conj/Tloc      59%        2d12      1%          4
 Leda's Liquefaction      Hex/Erth       35%        N/A       1%          4
 Fireball                 Conj/Fire      29%        3d13      1%          5
 Irradiate                Conj/Tmut      31%        3d22      1%          5
 Iskenderun's Battlesphe  Conj           82%        2d13      1%          5
 Summon Small Mammal      Summ           84%        N/A       2%          1
 Call Canine Familiar     Summ           21%        N/A       7%          3
 Teleport Other           Tloc           21%        N/A       7%          3
 Dimensional Bullseye     Hex/Tloc       18%        N/A       8%          4
 Orb of Destruction       Conj           41%        9d11      1%          7
 Conjure Ball Lightning   Conj/Air       29%        3x3d8     5%          6
 Starburst                Conj/Fire      29%        6d9       5%          6
 Lehudib's Crystal Spear  Conj/Erth      42%        10d10     9%          8
 Plasma Beam              Fire/Air       10%        2x1d21    61%         6
 Summon Cactus Giant      Summ           10%        N/A       98%         6


Dungeon Overview and Level Annotations

Branches:
Dungeon (13/15)            Temple (1/1) D:6            Lair (5/5) D:11
  Swamp (0/4) Lair:3       Spider (0/4) Lair:3        Slime (0/5) Lair:4
    Orc (0/2) D:10          Sewer (visited)         Ossuary (visited)
 Bailey (visited)
 Vaults: D:13-14

Altars:
Ashenzari
Cheibriados
Dithmenos
Elyvilon
Fedhas
Gozag
Hepliaklqana
Kikubaaqudgha
Makhleb
Nemelex Xobeh
Okawaru
Qazlal
Ru
Sif Muna
Trog
Uskayaw
Vehumet
Wu Jian
Xom
Yredelemnul
Zin
The Shining One
Jiyva
Lugonu

Shops:
D:12 *!

Portals:
Abyss: Lair:5

Annotations:
D:5 2 transporters, croobank's ghost, amateur DgDe
D:7 1 runed translucent door
D:11 Frenzy's ghost, journeyman MiFi
Lair:3 2 transporters, gelatine's ghost, journeyman DsFE
Lair:5 1 transporter, Runia's ghost, journeyman DjAE


Innate Abilities, Weirdness & Mutations

You are immune to sickness and miasma.
Your stone body is resilient. (AC +11)
You are immune to poison.
Your large and strong wings let you fly.
You resist negative energy. (rN+)
You are resistant to electric shocks. (rElec)
You are resistant to unholy torment.
You are immune to petrification.


Message History

Aiming: Fastroot
Press: ? - help, Shift-Dir - straight line, f - spriggan
Aim: a spriggan, wielding a +0 rapier and wearing a +0 robe (severely wounded, berserk)
The roots erupt in riotous growth!
Roots grab the spriggan. x2
Runia's ghost is unaffected.
Roots grab the rat.
The grasping roots constrict the spriggan. x2
The grasping roots constrict the rat.
You kill the rat!
The rat's corpse disappears in a puff of smoke!
The spriggan hits you with a +0 rapier.
* * * LOW HITPOINT WARNING * * *
The spriggan struggles to escape constriction. x2
The spriggan closely misses you. Runia's ghost hits you.
* * * LOW HITPOINT WARNING * * *
Unknown command.
The grasping roots constrict the spriggan. x2
The roots release their grip on the spriggan. x2
The spriggan hits you with a +0 rapier.
* * * LOW HITPOINT WARNING * * *
The spriggan hits you with a +0 rapier.
* * * LOW HITPOINT WARNING * * *
You feel much better. The spriggan completely misses you.
The spriggan hits you with a +0 rapier!
Aiming: Fastroot
Press: ? - help, Shift-Dir - straight line, f - spriggan, p - spriggan
Aim: a spriggan, wielding a +0 rapier and wearing a +0 robe (lightly wounded, berserk)
The roots erupt in riotous growth!
Roots grab the spriggan.
Runia's ghost is unaffected.
Roots grab the spriggan.
Roots grab the moth of wrath.
The grasping roots constrict the spriggan. x2
The grasping roots constrict the moth of wrath.
The spriggan closely misses you. The spriggan hits you with a +0 rapier.
* * * LOW HITPOINT WARNING * * *
The moth of wrath bites you!
* * * LOW HITPOINT WARNING * * *
The spriggan hits you with a +0 rapier!
You die...

.................................
...........#####.................
.........###.y.###...............
#...#...###.#..i.##....#.#.'..##.
..P##P..# ###)...##.....###.#.#..
...#...####≈#)######..#####..##..
P...#..#..##..)≈#..#..###......#.
...#..©#©...[_.#y.©#©.##......#..
.......#....!?Wi@..#..##.....###.
.......##..#≈#.i).##...###..###P.
.##.#...#.## #....#...#####.# #..
#...##..###.##...##...##.)P.####.
.........###...###...............
...........#####.................
...####.............##P##....##..
#### ####........#.########.####
#..#.####### ###


You could see a moth of wrath (rooted), 2 spriggans and Runia's ghost.

Vanquished Creatures
  A broodmother (shapeshifter) (Lair:5)
  Harold (Lair:1)
  4 hydras
  A catoblepas (D:10)
  An ogre mage (D:12)
  2 centaur warriors
  An ice dragon (D:11)
  3 boulder beetles (D:12)
  Erica (D:9)
  6 two-headed ogres
  10 death yaks (Lair:4)
  A tengu warrior (D:11)
  4 thrashing horrors (Lair:5)
  Nergalle (Lair:1)
  2 sun demons (D:10)
  Amaemon (Lair:1)
  A sixfirhy (D:9)
  2 skeletal warriors
  A bog body (Lair:3)
  Pikel (D:7)
  3 orc knights
  A necromancer (D:10)
  4 deep elf pyromancers
  5 oklob plants (Lair:4)
  3 manticores
  A moth of wrath (Lair:5)
  4 ugly things
  Maurice (D:9)
  4 cyclopes
  2 rust devils (D:10)
  A torpor snail (Lair:2)
  5 black mambas
  4 smoke demons
  10 cane toads
  3 gargoyles
  Maggie (Lair:1)
  3 kobold demonologists (D:11)
  4 orange demons
  An efreet (D:11)
  Jeremiah (D:6)
  2 ice devils (D:10)
  5 komodo dragons
  A yaktaur (shapeshifter) (Lair:5)
  A polar bear (D:10)
  3 red devils (D:10)
  6 trolls
  A hornet (Lair:5)
  12 blink frogs (Lair:5)
  Grinder (D:3)
  13 dream sheep
  A dream sheep (shapeshifter) (D:11)
  3 raiju (Lair:5)
  3 slime creatures (D:12)
  5 culicivoras (Lair:3)
  A ynoxinul (Lair:5)
  6 spriggans (Lair:5)
  A wraith (D:10)
  A shadow (D:9)
  Eustachio (D:5)
  2 wyverns
  3 humans (Lair:4)
  35 yaks
  8 basilisks
  4 steam dragons
  A large abomination (Lair:5)
  2 vampires
  A chaos spawn (Lair:5)
  Menkaure (D:6)
  A warg (D:12)
  2 acid dragons
  18 water moccasins
  2 sky beasts (D:7)
  Pargi (Sewer)
  17 orc warriors
  2 black bears (D:4)
  6 ogres
  13 wolves
  4 centaurs
  4 lemures (D:7)
  2 phantoms
  7 kobold brigands
  14 bullfrogs
  4 scorpions
  2 two-headed ogre simulacra (D:11)
  5 gnoll sergeants
  8 small abominations (Lair:5)
  4 wights
  6 killer bees
  7 electric eels
  3 howler monkeys
  2 jellies
  6 quasits (D:10)
  9 orc priests
  A hound (D:5)
  A gnoll bouda (D:6)
  Terence (D:3)
  Jessica (D:3)
  5 iguanas
  4 sleepcaps
  7 orc wizards
  4 hell rats (Lair:5)
  A spriggan simulacrum (D:11)
  3 polar bear simulacra (D:10)
  3 wolf simulacra (D:10)
  A yak simulacrum (D:10)
  2 hound zombies (Ossuary)
  4 mummies (Ossuary)
  6 adders
  24 gnolls
  A naga simulacrum (D:11)
  A shadow imp (D:7)
  A white imp (D:5)
  2 adder zombies (Ossuary)
  A dart slug (D:2)
  40 orcs
  10 ball pythons
  9 endoplasms
  8 giant cockroaches
  A gnoll zombie (Ossuary)
  11 goblins
  3 hobgoblins
  2 jackals (D:2)
  5 quokkas
  6 bats
  8 frilled lizards
  A goblin zombie (Ossuary)
  4 hobgoblin zombies (Ossuary)
  40 kobolds
  An orc zombie (Ossuary)
  3 rats
  A rat zombie (Ossuary)
  4 river rat simulacra (D:10)
  2 boulders
612 creatures vanquished.

Vanquished Creatures (collateral kills)
  7 boulders
7 creatures vanquished.

Vanquished Creatures (others)
  A black mamba (shapeshifter) (D:11)
  A vampire (D:7)
  3 boulders
5 creatures vanquished.

Grand Total: 624 creatures vanquished

Notes
Turn   | Place    | Note
-------+----------+-------------------------------------------
     0 | D:1      | greenreed the Gargoyle Earth Elementalist began the quest
                  | for the Orb.
     0 | D:1      | Reached XP level 1. HP: 10/10 MP: 3/3
   219 | D:1      | Reached XP level 2. HP: 15/15 MP: 3/5
   310 | D:1      | Reached skill level 1 in Transmutations
   795 | D:1      | Reached skill level 4 in Earth Magic
  1038 | D:2      | Reached XP level 3. HP: 19/19 MP: 3/6
  1660 | D:2      | Reached XP level 4. HP: 24/24 MP: 6/8
  1835 | D:3      | Noticed Jessica
  1836 | D:3      | Killed Jessica
  1988 | D:3      | Reached XP level 5. HP: 24/28 MP: 2/9
  2114 | D:3      | Found a faded altar of an unknown god.
  2294 | D:3      | Noticed Terence
  2298 | D:3      | Noticed Grinder
  2299 | D:3      | Killed Terence
  2300 | D:3      | Reached skill level 5 in Earth Magic
  2327 | D:3      | Killed Grinder
  2328 | D:3      | Reached XP level 6. HP: 22/32 MP: 2/12
  2551 | D:3      | Learned a level 3 spell: Summon Guardian Golem
  3041 | D:4      | Reached skill level 6 in Earth Magic
  3140 | D:4      | Reached XP level 7. HP: 36/36 MP: 11/13
  3272 | D:4      | Found a glowing drain.
  3281 | Sewer    | Entered a sewer
  3414 | Sewer    | Noticed Pargi
  3418 | Sewer    | Killed Pargi
  3419 | Sewer    | Reached skill level 1 in Hexes
  3712 | D:4      | Reached skill level 5 in Spellcasting
  3712 | D:4      | Reached skill level 7 in Earth Magic
  3976 | D:4      | Reached XP level 8. HP: 41/41 MP: 13/15
  4029 | D:5      | Entered Level 5 of the Dungeon
  4029 | D:5      | Found a transporter.
  4533 | D:5      | Identified the +1 leather armour "Elobb" {rCorr Str+6
                  | Dex-5}
  4566 | D:5      | Found a transporter.
  4571 | D:5      | Noticed croobank's ghost (amateur DgDe)
  4631 | D:5      | Learned a level 2 spell: Passwall
  4635 | D:5      | Learned a level 3 spell: Stone Arrow
  4795 | D:5      | Found a white marble altar of Elyvilon.
  4802 | D:5      | Found an iron altar of Okawaru.
  5048 | D:5      | Reached skill level 8 in Earth Magic
  5207 | D:6      | Noticed Menkaure
  5212 | D:6      | Killed Menkaure
  5269 | D:6      | Noticed Eustachio
  5282 | D:5      | Killed Eustachio
  5283 | D:5      | Reached XP level 9. HP: 41/45 MP: 3/18
  5459 | D:6      | Noticed Jeremiah
  5477 | D:6      | Reached skill level 9 in Earth Magic
  5601 | D:6      | Found a staircase to the Ecumenical Temple.
  5643 | D:6      | Found a sand-covered staircase.
  5652 | Ossuary  | Entered an ossuary
  5736 | Ossuary  | Identified the +1 scale mail "Bererus" {*Slow Str+3 Int+2}
  6241 | D:6      | Killed Jeremiah
  6832 | D:6      | Reached skill level 10 in Earth Magic
  7015 | Temple   | Entered the Ecumenical Temple
  7020 | Temple   | Became a worshipper of Vehumet
  7198 | D:7      | Reached XP level 10. HP: 50/50 MP: 19/21
  7451 | D:7      | Reached skill level 5 in Dodging
  7602 | D:7      | Identified the +5 whip of the Spheres {venom, Will- rCorr
                  | Dex-4 SInv}
  7616 | D:7      | Found a runed translucent door.
  7617 | D:7      | Noticed a two-headed ogre
  7820 | D:7      | Noticed Pikel
  7889 | D:7      | Killed Pikel
  7889 | D:7      | Reached * piety under Vehumet
  7889 | D:7      | Offered knowledge of Shock by Vehumet.
  7890 | D:7      | Reached skill level 11 in Earth Magic
  7892 | D:7      | Learned a level 1 spell: Shock
  8198 | D:7      | Identified the ring "Quduis" {rCorr Str+3}
  8388 | D:7      | Identified the +1 mace of World Downfall {flame, Int+8}
  8401 | D:7      | Reached skill level 1 in Conjurations
  8594 | D:7      | Killed a two-headed ogre
  8595 | D:7      | Reached skill level 5 in Hexes
  8670 | D:7      | Noticed a gargoyle
  8680 | D:7      | Killed a gargoyle
  8692 | D:7      | Noticed a deep elf pyromancer
  8702 | D:7      | Killed a deep elf pyromancer
  8703 | D:7      | Reached XP level 11. HP: 54/54 MP: 9/24
  8836 | D:7      | Noticed a cyclops
  8849 | D:7      | Killed a cyclops
  8907 | D:7      | Noticed a deep elf pyromancer
  8909 | D:7      | Killed a deep elf pyromancer
  9097 | D:7      | Learned a level 4 spell: Brom's Barrelling Boulder
  9103 | D:7      | Learned a level 5 spell: Lee's Rapid Deconstruction
  9108 | D:7      | Learned a level 4 spell: Petrify
  9267 | D:8      | Found a sparkling altar of Nemelex Xobeh.
  9463 | D:8      | Found a bloodstained altar of Trog.
  9535 | D:8      | Reached skill level 5 in Conjurations
 10133 | D:9      | Noticed Maurice
 10248 | D:9      | Noticed a two-headed ogre
 10256 | D:9      | Killed a two-headed ogre
 10443 | D:9      | Found a runed translucent door.
 10444 | D:9      | Found a burning altar of Makhleb.
 10444 | D:9      | Noticed a sixfirhy
 10452 | D:9      | Killed a sixfirhy
 10453 | D:9      | Reached skill level 12 in Earth Magic
 10593 | D:9      | Noticed Erica
 10601 | D:9      | Killed Erica
 10602 | D:9      | Reached skill level 10 in Spellcasting
 10769 | D:9      | Killed Maurice
 11052 | D:10     | Entered Level 10 of the Dungeon
 11086 | D:9      | Learned a level 4 spell: Olgreb's Toxic Radiance
 11093 | D:10     | Offered knowledge of Searing Ray by Vehumet.
 11103 | D:10     | Reached ** piety under Vehumet
 11317 | D:10     | Reached skill level 1 in Poison Magic
 11352 | D:10     | Noticed a sun demon
 11355 | D:10     | Reached XP level 12. HP: 54/59 MP: 4/26
 11357 | D:10     | Killed a sun demon
 11416 | D:10     | Found a staircase to the Orcish Mines.
 11446 | D:10     | Noticed a sun demon
 11454 | D:10     | Killed a sun demon
 11571 | D:10     | Offered knowledge of Static Discharge by Vehumet.
 11575 | D:10     | Found a flagged portal.
 11581 | Bailey   | Entered a bailey
 11740 | Bailey   | Identified the +1 plate armour of Starshine {rPois Regen+
                  | Int-3 Stlth+}
 11800 | Bailey   | Reached *** piety under Vehumet
 12341 | D:10     | Offered knowledge of Dazzling Flash by Vehumet.
 12346 | D:10     | Learned a level 3 spell: Dazzling Flash
 12854 | D:11     | Reached **** piety under Vehumet
 12867 | D:11     | Noticed a centaur warrior
 12871 | D:11     | Noticed a catoblepas
 12884 | D:11     | Killed a centaur warrior
 12884 | D:11     | Noticed a tengu warrior
 13107 | D:10     | HP: 1/59 [catoblepas (18)]
 13332 | D:10     | Killed a catoblepas
 13333 | D:10     | Reached skill level 13 in Earth Magic
 13390 | D:11     | Noticed a two-headed ogre
 13393 | D:11     | Killed a two-headed ogre
 13426 | D:11     | Noticed a sun demon
 13429 | D:11     | Noticed a soul eater
 13429 | D:11     | Offered knowledge of Fireball by Vehumet.
 13565 | D:11     | Reached XP level 13. HP: 63/63 MP: 26/28
 13754 | D:11     | Found a staircase to the Lair.
 13956 | D:11     | Noticed an ice dragon
 15010 | D:11     | Killed an ice dragon
 15011 | D:11     | Reached skill level 10 in Conjurations
 15173 | D:12     | Identified the of Ycinwust
 15201 | D:12     | Found Gaenemus's Mayhem Merchandise.
 15213 | D:12     | Found a runed translucent gate.
 15213 | D:12     | Found a runed translucent gate.
 15213 | D:12     | Found a runed translucent gate.
 15220 | D:12     | Learned a level 5 spell: Fireball
 15222 | D:12     | Noticed Frenzy's ghost (journeyman MiFi)
 15671 | D:12     | Reached skill level 5 in Poison Magic
 15804 | D:12     | Reached ***** piety under Vehumet
 16001 | D:12     | Offered knowledge of Yara's Violent Unravelling by Vehumet.
 16364 | D:12     | Found Gihouxah's Distillery.
 17097 | D:13     | Reached skill level 14 in Earth Magic
 17101 | D:12     | Gained mutation: Your large and strong wings let you fly.
                  | [Gargoyle growth]
 17101 | D:12     | Reached XP level 14. HP: 18/68 MP: 11/30
 17529 | Lair:1   | Entered Level 1 of the Lair of Beasts
 17693 | Lair:1   | Noticed Maggie
 17699 | Lair:1   | Killed Maggie
 17767 | Lair:1   | Noticed Harold
 17773 | Lair:1   | Killed Harold
 17794 | Lair:1   | Noticed Nergalle
 17800 | Lair:1   | Killed Nergalle
 17998 | Lair:1   | Noticed Amaemon
 18010 | Lair:1   | Killed Amaemon
 19875 | Lair:3   | Found a transporter.
 19879 | Lair:3   | Noticed gelatine's ghost (journeyman DsFE)
 19883 | Lair:3   | Found a transporter.
 20085 | Lair:3   | Found a hole to the Spider Nest.
 20542 | Lair:3   | Learned a level 5 spell: Yara's Violent Unravelling
 20550 | Lair:3   | Learned a level 6 spell: Bombard
 20722 | Lair:3   | Found a staircase to the Swamp.
 21127 | Lair:4   | HP: 2/68 [death yak (4)]
 21346 | Lair:4   | Offered knowledge of Airstrike by Vehumet.
 21486 | Lair:4   | Reached XP level 15. HP: 72/72 MP: 19/32
 21952 | Lair:4   | Found a viscous altar of Jiyva.
 21985 | Lair:4   | Reached skill level 15 in Earth Magic
 22101 | Lair:4   | Found a staircase to the Slime Pits.
 22397 | Lair:5   | Entered Level 5 of the Lair of Beasts
 22598 | Lair:5   | Found a transporter.
 22628 | Lair:5   | Found a transporter.
 22638 | Lair:5   | Noticed Runia's ghost (journeyman DjAE)
 22639 | Lair:5   | Found a bloodstained altar of Trog.
 23173 | Lair:5   | Found the necklace of Bloodlust {Fury *Rage Will++ Int-3
                  | Slay+6}
 23443 | Lair:5   | Found a corrupted altar of Lugonu.
 23443 | Lair:5   | Found a one-way gate to the infinite horrors of the Abyss.
 23894 | Lair:5   | Offered knowledge of Spellforged Servitor by Vehumet.
 23902 | Lair:5   | Mangled by a spriggan

Illustrated notes

Levels and vault maps discovered:
D:1:      dpeg_arrival_round_b, layout_loops_ring
D:2:      minmay_spotlight, layout_basic
D:3:      layout_loops_corners, basic_ecumenical_altar,
          chequers_serial_rivers_small_a, uniq_grinder, uniq_jessica,
          uniq_terence
D:4:      layout_basic, portal_sewer_entry_d, minmay_puff
D:5:      layout_cave_pods, chequers_temple_overflow_statue_of_worship,
          gammafunk_ghost_mausoleum, chequers_arboretum
D:6:      layout_layer_cave, minmay_temple_entry_sparse_star,
          nicolae_ossuary_entry_monument, serial_bayou_lagoon_b, uniq_menkaure,
          uniq_jeremiah, uniq_eustachio
D:7:      minmay_the_grid_triangle_9x9_rhombus_full
          [minmay_the_grid_triangle_9x9_flanged_cone,
          minmay_the_grid_triangle_9x9_stretched_checkered,
          minmay_the_grid_triangle_9x9_cache,
          minmay_the_grid_triangle_9x9_odd_lines,
          minmay_the_grid_triangle_9x9_from_above,
          minmay_the_grid_triangle_9x9_descending_squares,
          minmay_the_grid_triangle_9x9_subtriangle,
          minmay_the_grid_triangle_9x9_prize_schism], layout_loops_cross,
          amcnicky_mini_rare_corridor_liquid, uniq_pikel
D:8:      layout_basic, mainiacjoe_overflow_24_doors,
          mainiacjoe_overflow_catwalk
D:9:      layout_basic, nzn_makhleb_speed_demon, uniq_erica, uniq_maurice
D:10:     layout_long_grid, orc_0_dummy, serial_demonic, serial_demonic_a,
          serial_demonic_e, serial_demonic_a, serial_demonic_d,
          serial_demonic_e, serial_demonic_b, serial_demonic_b,
          serial_demonic_d, serial_demonic_c, serial_demonic_d, enter_bailey_2,
          eino_house_with_fridge
D:11:     layout_loops_ring, lair_entry_dummy,
          portal_ice_cave_entry_ice_simulacra, gauntlet_entry_generic,
          minivault_28
D:12:     layout_long_grid, biasface_ghost_orc_armoury, serial_shops, shop,
          st_stairs_11, minmay_shop_mayhem
D:13:     layout_rooms, david_vaults_2
Temple:   sentei_temple_godly_chess
Lair:1:   layout_regular_city, uniq_amaemon, uniq_harold, uniq_nergalle,
          uniq_maggie
Lair:2:   layout_roguey, serial_forest, infiniplex_forest_end_2,
          infiniplex_forest_lined_2, infiniplex_forest_straight_4,
          infiniplex_forest_end_double, infiniplex_forest_end_3,
          infiniplex_forest_lined_room_2, infiniplex_forest_lined_2
Lair:3:   layout_loops_ring, nicolae_swamp_entry_splash_gauntlet,
          hellmonk_spider_entry_life_and_decay, gammafunk_ghost_arena,
          serial_bayou_shore_a
Lair:4:   slaughterhouse, layout_loops_ring, minmay_slime_entry_oklob_enclosed
Lair:5:   hellmonk_lair_end_abyssal_woods, layout_regular_city,
          gammafunk_ghost_wrathful_warriors, minivault_25, grunt_megastairs_1

Skill      XL: |  1  2  3  4  5  6  7  8  9 10 11 12 13 14 15 |
---------------+----------------------------------------------+-----
Transmutations | 1 2 |  2.1
Earth Magic    | 4 5 6 7 8 10 11 12 13 14 15 | 15.4
Dodging        | 2 3 4 5 6 7 8 9 |  9.5
Spellcasting   | 3 4 5 6 7 9 10 11 12 13 14 | 14.5
Hexes          | 1 3 4 5 |  5.1
Conjurations   | 3 7 9 11 13 14 | 14.2
Poison Magic   | 1 3 5 |  5.0
Stealth        | |  2.1

Action                     |  1- 3 |  4- 6 |  7- 9 | 10-12 | 13-15 || total
---------------------------+-------+-------+-------+-------+-------++-------
  Melee: Flail             |    13 |       |    21 |       |       ||    34
         Falchion          |       |       |    34 |    16 |       ||    50
         Punch             |       |       |     1 |     3 |       ||     4
         Whip              |       |       |       |     2 |       ||     2
         Mace              |       |       |       |    20 |    22 ||    42
   Cast: Sandblast         |    55 |    45 |   155 |   311 |   460 ||  1026
         Stone Arrow       |       |       |    26 |    55 |   154 ||   235
         Summon Guardian G |       |       |       |     4 |       ||     4
         Lee's Rapid Decon |       |       |       |    35 |    72 ||   107
         Petrify           |       |       |       |    13 |     5 ||    18
         Brom's Barrelling |       |       |       |    12 |     5 ||    17
         Dazzling Flash    |       |       |       |     2 |       ||     2
         Passwall          |       |       |       |       |     4 ||     4
         Shock             |       |       |       |       |     1 ||     1
         Fireball          |       |       |       |       |     7 ||     7
         Olgreb's Toxic Ra |       |       |       |       |     7 ||     7
         Bombard           |       |       |       |       |     4 ||     4
  Evoke: Wand              |       |       |       |     1 |     3 ||     4
    Use: Scroll            |       |       |       |     9 |     8 ||    17
         Potion            |       |       |       |     2 |     2 ||     4
   Stab: Sleeping          |       |       |     1 |       |       ||     1
         Petrified         |       |       |       |     8 |       ||     8
         Petrifying        |       |       |       |     1 |       ||     1
 Armour: Robe              |    23 |     8 |   156 |    96 |   453 ||   736
         Steam dragon scal |       |       |       |   144 |       ||   144
  Dodge: Dodged            |    21 |     6 |   186 |   187 |   313 ||   713

Table legend: (Time is in decaauts)
 A = Elapsed time spent in this place.
 B = Non-inter-level travel time spent in this place.
 C = Inter-level travel time spent in this place.
 D = Time resting spent in this place.
 E = Time spent auto-exploring this place.
 F = Levels seen in this place.
 G = Mean time per level.
                   A        B        C        D        E       F      G
               +--------+--------+--------+--------+--------+-----+--------+
         Total |  24498 |  22734 |   1764 |   1594 |  16298 |  22 | 1113.5 |
       Dungeon |  17035 |  15465 |   1570 |   1440 |  10765 |  13 | 1310.4 |
        Temple |     10 |      2 |      8 |      0 |      0 |   1 |   10.0 |
          Lair |   6558 |   6372 |    186 |    154 |   4970 |   5 | 1311.6 |
         Sewer |    198 |    198 |      0 |      0 |    146 |   1 |  198.0 |
       Ossuary |    249 |    249 |      0 |      0 |    162 |   1 |  249.0 |
        Bailey |    446 |    446 |      0 |      0 |    255 |   1 |  446.0 |
               +--------+--------+--------+--------+--------+-----+--------+

Top non-repeatable levels by time:
     D:7: 2092 daAuts
    D:10: 2011 daAuts
    D:12: 1979 daAuts
    D:11: 1894 daAuts
  Lair:5: 1587 daAuts
  Lair:4: 1571 daAuts
     D:5: 1453 daAuts
     D:6: 1399 daAuts
  Lair:1: 1216 daAuts
     D:9: 1150 daAuts
  Lair:2: 1140 daAuts
     D:3: 1073 daAuts
  Lair:3: 1042 daAuts
     D:8: 1035 daAuts
     D:4: 997 daAuts
